 Dungeon Crawl Stone Soup version 0.28-a0-1510-gd0f6b136d3 (webtiles) character file.

Game seed: 243695089662935785

2 sanka the Gusty (level 1, 13/13 HPs)
             Began as a Gnoll Wanderer on Jan 15, 2022.
             Quit the game on level 1 of the Dungeon.
             The game lasted 00:00:50 (91 turns).

sanka the Gusty (Gnoll Wanderer)                      Turns: 91, Time: 00:00:50

Health: 13/13      AC:  2    Str:  9    XL:     1   Next: 40%
Magic:  2/4        EV: 11    Int: 10    God:
Gold:   0          SH:  0    Dex: 14    Spells: 4/5 levels left

rFire   . . .      SeeInvis .   a - +0 falchion
rCold   . . .      Faith    .   (no shield)
rNeg    . . .      Spirit   .   d - +0 robe
rPois   .          Reflect  .   (no helmet)
rElec   .          Harm     .   (no cloak)
rCorr   .          Rampage  .   (no gloves)
Will    .....                   (no boots)
Stlth   ++........              (no amulet)
HPRegen 0.04/turn               (no ring)
MPRegen 0.09/turn               (no ring)

@: no status effects
A: fangs 1, strong nose, distributed training
a: no special abilities


You were on level 1 of the Dungeon.
You visited 1 branch of the dungeon, and saw 1 of its levels.


Innate Abilities, Weirdness & Mutations

You have very sharp teeth.
Your uncanny sense of smell can sniff out nearby items.
Your experience applies equally to all skills.


   Skills:
 + Level 0.0 Fighting
 + Level 0.0 Short Blades
 + Level 2.3 Long Blades
 + Level 0.0 Axes
 + Level 0.0 Maces & Flails
 + Level 0.0 Polearms
 + Level 0.0 Staves
 + Level 0.0 Slings
 + Level 0.0 Bows
 + Level 0.0 Crossbows
 + Level 4.4 Throwing
 + Level 2.3 Armour
 + Level 0.0 Dodging
 + Level 2.1 Stealth
 + Level 0.0 Shields
 + Level 0.0 Unarmed Combat
 + Level 2.6 Spellcasting
 + Level 0.0 Conjurations
 + Level 0.0 Hexes
 + Level 0.0 Summonings
 + Level 0.0 Necromancy
 + Level 0.0 Translocations
 + Level 0.0 Transmutations
 + Level 0.0 Fire Magic
 + Level 0.0 Ice Magic
 + Level 7.0 Air Magic
 + Level 0.0 Earth Magic
 + Level 0.0 Poison Magic
 + Level 0.1 Invocations
 + Level 0.0 Evocations


You had 4 spell levels left.
You knew the following spells:

 Your Spells              Type           Power      Damage    Failure   Level
z - Shock                 Conj/Air       32%        1d5       7%          1

Your spell library contained the following spells:

 Spells                   Type           Power      Damage    Failure   Level
 Corpse Rot               Necr/Air       16%        N/A       11%         2
 Poisonous Vapours        Pois/Air       16%        N/A       11%         2

Inventory:

Hand Weapons
 a - a +0 falchion (weapon)
 c - a +0 dagger
Missiles
 b - 8 boomerangs
Armour
 d - a +0 robe (worn)

Dungeon Overview and Level Annotations

Branches:
Dungeon (1/15)

Altars:

......... ▒▒
▒▒▒▒▒▒......... ▒.▒
▒...▒........... ...▒
▒..▒.....(...... ....▒
▒.▒...........▒
.....▒▒▒............▒
......).............▒
▒...▒.▒...▒..†▒....▒
▒..▒S.g▒..▒..▒.....▒▒▒▒
.▒.....▒.▒.▒..........
▒.......▒▒▒....▒▒▒▒▒▒▒
▒▒▒▒▒▒▒▒▒ ▒▒▒▒▒▒ ▒ ▒


You could see a ball python.


Message History

The ball python hisses angrily.
The ball python is moderately wounded.
You throw a boomerang. The boomerang hits the ball python.
You kill the ball python!
Found a hunting sling.
A ball python comes into view.
The zap hits the ball python.
You kill the ball python!
Magic restored.
A bat comes into view.
The zap hits the bat.
The bat is heavily wounded.
The zap hits the bat.
You kill the bat!
You start resting.
Magic restored.
A ball python comes into view.
The ball python hisses angrily.
A ball python is nearby!
The zap hits the ball python.
The ball python is moderately wounded.
A ball python is nearby!
The zap hits the ball python.
The ball python is severely wounded.
That beam is likely to hit you.
Continue anyway?
Okay, then.
Are you sure you want to abandon this character and quit the game? (Confirm with "yes".)
Okay, then.
Are you sure you want to abandon this character and quit the game? (Confirm with "yes".)

Action                   || total
-------------------------++-------
Throw: Boomerang         ||     2
 Cast: Shock             ||     5

Levels and vault maps discovered:
D:1:      roderic_crop_circles_arrival_small, layout_basic,
          ebering_ecumenical_altar_sacrificial, serial_shops,
          nicolae_lakefront_shop, minmay_misc_feat_room,
          hangedman_decor_diamond_cutter

Notes
Turn   | Place    | Note
-------+----------+-------------------------------------------
     0 | D:1      | sanka the Gnoll Wanderer began the quest for the Orb.
     0 | D:1      | sanka set off with the following items: a +0 falchion, 8
                  | boomerangs, a +0 dagger, a +0 robe; and the following spell
                  | memorised: Shock; and the following spells available to
                  | memorise: Corpse Rot, Poisonous Vapours
     0 | D:1      | Reached XP level 1. HP: 13/13 MP: 4/4
    91 | D:1      | Quit the game

Vanquished Creatures
  A bat (D:1)
  2 ball pythons (D:1)
3 creatures vanquished.
